 Dungeon Crawl Stone Soup version 0.27.1-34-g3ba077fa99 (webtiles) character file.

Game seed: 15197344316449771575

1616 Ijustatesigmund the Skirmisher (level 8, -1/54 HPs)
             Began as a Gargoyle Fighter on Feb 3, 2022.
             Slain by Duvessa (10 damage)
             ... on level 5 of the Dungeon.
             The game lasted 00:09:52 (7094 turns).

Ijustatesigmund the Skirmisher (Gargoyle Fighter)   Turns: 7094, Time: 00:09:53

Health: -1/54      AC: 22    Str: 20    XL:     8   Next: 96%
Magic:  8/8        EV:  8    Int: 11    God:
Gold:   141        SH:  0    Dex:  9    Spells: 7/7 levels left

rFire    . . .     SeeInvis +   a - +1 flail
rCold    . . .     Faith    .   c - +0 kite shield
rNeg     + . .     Spirit   .   b - +0 plate armour
rPois    ∞         Reflect  .   (no helmet)
rElec    +         Harm     .   m - +0 cloak
rCorr    .         Rampage  .   i - +0 pair of gloves
Will     .....                  o - +0 pair of boots
Stlth    ..........             (no amulet)
HPRegen  0.18/turn              j - ring of see invisible
MPRegen  0.11/turn              l - +4 ring of evasion

@: confused, ambrosia-drunk
A: sickness immunity, AC +5, negative energy resistance 1, electricity
resistance, torment resistance 1, petrification resistance
a: no special abilities


You were on level 5 of the Dungeon.
You visited 1 branch of the dungeon, and saw 7 of its levels.

You collected 183 gold pieces.
You spent 42 gold pieces at shops.

Inventory:

Hand Weapons
 a - a +1 flail (weapon)
Missiles
 d - 4 silver boomerangs (quivered)
Armour
 b - a +0 plate armour (worn)
 c - a +0 kite shield (worn)
 i - a +0 pair of gloves (worn)
 m - a +0 cloak (worn)
 o - a +0 pair of boots (worn)
Jewellery
 j - a ring of see invisible (left hand)
 l - a +4 ring of evasion (right hand)
Scrolls
 e - 3 scrolls of identify
Potions
 f - a potion of brilliance
 k - a potion of cancellation


   Skills:
 + Level 7.6 Fighting
 + Level 7.6 Maces & Flails
 + Level 6.5 Armour
 - Level 3.2 Shields


You had 7 spell levels left.
You didn't know any spells.
Your spell library contained the following spells:

 Spells                   Type           Power      Damage    Failure   Level
 Sandblast                Erth           0%         2d4       100%        1
 Passwall                 Tmut/Erth      0%         N/A       100%        2
 Portal Projectile        Hex/Tloc       0%         N/A       100%        3
 Summon Guardian Golem    Hex/Summ       0%         N/A       100%        3
 Blade Hands              Tmut           0%         N/A       100%        5
 Excruciating Wounds      Necr           0%         N/A       100%        5
 Lee's Rapid Deconstruct  Erth           0%         3d5*      100%        5
 Orb of Destruction       Conj           0%         N/A       100%        7
 Spellforged Servitor     Conj/Summ      0%         N/A       100%        7


Dungeon Overview and Level Annotations

Branches:
Dungeon (7/15)
 Temple: D:4-7

Altars:
Sif Muna
Wu Jian
The Shining One

Shops:
D:2 *

Annotations:
D:5 Duvessa, Prince Ribbit


Innate Abilities, Weirdness & Mutations

You are immune to sickness and miasma.
Your stone body is resilient. (AC +5)
You are immune to poison.
You resist negative energy. (rN+)
You are resistant to electric shocks. (rElec)
You are resistant to unholy torment.
You are immune to petrification.


Message History

You hear a distant scream of rage.
No target in view!
No target in view!
No target in view!
Unknown command.
No target in view!
No target in view!
No target in view!
No target in view!
Duvessa, Sister of Dowan comes into view.
She is wielding a +3 rapier of venom.
Duvessa shouts!
Duvessa goes berserk!
Duvessa rages.
Found a potion of curing.
You closely miss Duvessa.
Duvessa hits you with a +3 rapier of venom! x2
Your plate armour prevents you from hitting Duvessa.
You block Duvessa's attack. Duvessa hits you but does no damage.
You sock Duvessa!
Duvessa is lightly wounded.
You block Duvessa's attack.
Okay, then.
Okay, then.
Okay, then.
You hit Duvessa.
Duvessa is lightly wounded.
Duvessa hits you with a +3 rapier of venom!
Duvessa hits you with a +3 rapier of venom.
You hit Duvessa.
Duvessa is moderately wounded.
Duvessa hits you but does no damage.
Duvessa hits you with a +3 rapier of venom!
* * * LOW HITPOINT WARNING * * *
You are confused.
You feel invigorated.
Duvessa hits you with a +3 rapier of venom!
* * * LOW HITPOINT WARNING * * *
You're too confused to move!
Duvessa hits you but does no damage.
Duvessa hits you with a +3 rapier of venom!
You die...

#.# #.............#
.# #.#
#.#####.####.#.#.###
#.# #<#
#)....###..... #.#
#.# #e)####.#.#....
#.# #.# #..#
#..#....# #.# #.#
#..# #........ #.#
#.# #..####.#.....#
#. ........#.###..
##..###e@#.# #
........# #
......... #.........
##.....###.
#.#####.###.# ..
#...........# !#
##..........# #
#.####.###.#


You could see Duvessa (berserk).

Vanquished Creatures
  An unseen horror (D:6)
  Maggie (D:6)
  A water moccasin (D:6)
  A sky beast (D:5)
  A necrophage (D:6)
  An ogre (D:5)
  Blork the orc (D:6)
  A bullfrog (D:4)
  A scorpion (D:4)
  Dowan (D:5)
  A howler monkey (D:6)
  An orc priest (D:3)
  2 hounds
  2 bullfrog skeletons
  A jelly (D:6)
  A centaur skeleton (D:6)
  An iguana (D:6)
  A hound skeleton (D:2)
  2 adders
  A shadow imp (D:3)
  A white imp (D:6)
  2 worms (D:3)
  4 dart slugs
  6 orcs
  7 ball pythons
  7 bats
  10 endoplasms
  3 giant cockroaches
  8 goblins
  7 hobgoblins
  4 jackals (D:4)
  4 quokkas
  2 frilled lizards
  7 kobolds
  2 rats
  4 toadstools (D:1)
101 creatures vanquished.

Notes
Turn   | Place    | Note
-------+----------+-------------------------------------------
     0 | D:1      | Ijustatesigmund the Gargoyle Fighter began the quest for
                  | the Orb.
     0 | D:1      | Reached XP level 1. HP: 14/14 MP: 1/1
   269 | D:1      | Reached XP level 2. HP: 4/19 MP: 2/2
   899 | D:1      | Reached XP level 3. HP: 24/24 MP: 3/3
  1503 | D:2      | Found Zereugei's General Store.
  1683 | D:2      | Reached XP level 4. HP: 29/29 MP: 4/4
  2349 | D:2      | Bought a potion of curing for 42 gold pieces
  2535 | D:3      | Reached XP level 5. HP: 24/34 MP: 5/5
  3346 | D:3      | Found a glowing golden altar of the Shining One.
  3383 | D:3      | Found a faded altar of an unknown god.
  3751 | D:3      | Found an ornate altar of the Wu Jian Council.
  4041 | D:4      | Reached skill level 5 in Maces & Flails
  4041 | D:4      | Reached XP level 6. HP: 25/40 MP: 6/6
  4197 | D:4      | Reached skill level 5 in Fighting
  4507 | D:5      | Entered Level 5 of the Dungeon
  4530 | D:5      | Noticed Prince Ribbit
  4540 | D:5      | Noticed a sky beast
  4558 | D:5      | Killed a sky beast
  4559 | D:5      | Reached XP level 7. HP: 30/44 MP: 7/7
  4784 | D:5      | Noticed Dowan
  5388 | D:6      | Noticed Blork the orc
  5399 | D:6      | Found a shimmering blue altar of Sif Muna.
  5411 | D:6      | Killed Blork the orc
  5753 | D:6      | Noticed an unseen horror
  5803 | D:6      | Killed an unseen horror
  5804 | D:6      | Reached skill level 5 in Armour
  5804 | D:6      | Reached XP level 8. HP: 22/52 MP: 8/8
  6091 | D:6      | Noticed Maggie
  6267 | D:6      | Killed Maggie
  7070 | D:5      | Killed Dowan
  7078 | D:5      | Noticed Duvessa
  7094 | D:5      | Slain by Duvessa

Illustrated notes

Levels and vault maps discovered:
D:1:      ldierk_water_garden, layout_basic
D:2:      layout_loops_corners, serial_shops, nicolae_shop_waterfront
D:3:      layout_basic, mainiacjoe_overflow_swirl,
          shapermc_ecumenical_altar_starsandcircs, nrook_campfire,
          minmay_misc_feat_secret_circle, minmay_box_of_dots
D:4:      layout_basic
D:5:      layout_loops_ring, uniq_prince_ribbit1, uniq_duvessa
D:6:      layout_layer_cave, tgw_sif, uniq_maggie
D:7:      layout_loops_ring, lemuel_round_altar, minmay_temple_entry_waves,
          serial_shops, shop

Skill      XL: |  1  2  3  4  5  6  7  8 |
---------------+-------------------------+-----
Maces & Flails | 3 4 5 6 7 |  7.6
Fighting       | 4 5 6 7 |  7.6
Armour         | 5 6 |  6.5
Shields        | |  3.2

Action                   |  1- 3 |  4- 6 |  7- 9 || total
-------------------------+-------+-------+-------++-------
Melee: Flail             |   109 |   198 |   175 ||   482
Throw: Boomerang         |       |       |    11 ||    11
  Use: Scroll            |       |     4 |     6 ||    10
       Potion            |       |     2 |     7 ||     9
Armor: Scale mail        |    68 |    87 |       ||   155
       Plate armour      |       |    20 |   115 ||   135
Dodge: Dodged            |    43 |    99 |    53 ||   195
Block: Kite shield       |    63 |   107 |    79 ||   249
